 Dungeon Crawl Stone Soup version 0.29-a0-857-g9b1aa3ac5b (webtiles) character file.

Game seed: 4322555691392921231

168 nxtlvl the Slasher (level 5, 0/31 HPs)
             Began as a Deep Elf Monk on July 16, 2022.
             Was a Priest of Vehumet.
             Slain by Natasha (6 damage)
             ... on level 2 of the Dungeon.
             The game lasted 00:16:27 (1866 turns).

nxtlvl the Slasher (Deep Elf Monk)                  Turns: 1866, Time: 00:16:27

Health: 0/31       AC:  3    Str:  8    XL:     5   Next: 23%
Magic:  10/10      EV: 13    Int: 17    God:    Vehumet [***...]
Gold:   257        SH:  0    Dex: 17    Spells: 6/8 levels left

rFire   . . .      SeeInvis .   b - +1 dagger (venom)
rCold   . . .      Faith    .   (no shield)
rNeg    . . .      Spirit   .   h - +0 leather armour
rPois   .          Reflect  .   (no helmet)
rElec   .          Harm     .   (no cloak)
rCorr   .          Rampage  .   (no gloves)
Will    .....                   (no boots)
Stlth   ++........              (no amulet)
HPRegen 0.10/turn               (no ring)
MPRegen 0.12/turn               (no ring)

@: no status effects
A: no striking features
a: Renounce Religion


You were on level 2 of the Dungeon.
You worshipped Vehumet.
Vehumet was most pleased with you.
You visited 1 branch of the dungeon, and saw 4 of its levels.

You collected 257 gold pieces.

Inventory:

Hand Weapons
 b - a +1 dagger of venom (weapon)
 w - a +0 scimitar
Missiles
 d - 3 poisoned darts (quivered)
 p - 13 stones
Armour
 h - a +0 leather armour (worn)
Magical Staves
 a - a staff of fire
Scrolls
 e - 3 scrolls of teleportation {unknown}
 f - 2 scrolls of amnesia {unknown}
 g - a scroll of summoning {unknown}
 j - a scroll of identify {unknown}
 k - 3 scrolls of immolation {unknown}
 m - a scroll of poison {unknown}
 o - a scroll of silence {unknown}
 q - a scroll of fog {unknown}
 r - a scroll of fear {unknown}
Potions
 c - a potion of ambrosia
 i - 4 potions of curing {unknown}
 l - a potion of brilliance {unknown}
 n - 2 potions of flight {unknown}
 s - a potion of berserk rage {unknown}
 t - a potion of mutation {unknown}
 u - a potion of lignification {unknown}
 v - a potion of haste {unknown}


   Skills:
 - Level 2.4 Fighting
 + Level 4.3 Long Blades
 - Level 3.6 Dodging
 - Level 2.4 Stealth
 * Level 2.3 Spellcasting
 * Level 1.9 Conjurations
 * Level 2.0 Fire Magic


You had 6 spell levels left.
You knew the following spells:

 Your Spells              Type           Power      Damage    Failure   Level
x - Sandblast             Erth           2%         2d4       7%          1
z - Foxfire               Conj/Fire      32%        2x1d5     3%          1

Your spell library contained the following spells:

 Spells                   Type           Power      Damage    Failure   Level
 Poisonous Vapours        Pois/Air       2%         N/A       11%         2
 Necrotise                Necr           4%         1d4       26%         1


Dungeon Overview and Level Annotations

Branches:
Dungeon (4/15)
 Temple: D:4-7

Altars:
Kikubaaqudgha
Sif Muna
Vehumet

Annotations:
D:2 Natasha
D:3 3 runed translucent doors
D:4 Robin


Message History

You feel yourself speed up.
An adder comes into view.
Found a stone staircase leading up.
A dart slug comes into view.
Found 18 gold pieces.
Your +1 dagger of venom begins to drip with poison!
b - a +1 dagger of venom (weapon)
An adder comes into view.
The helpless dart slug fails to defend itself.
You impale the dart slug!!
You kill the dart slug!
Vehumet accepts your kill.
Your Fire Magic skill increases to level 2!
You now have 257 gold pieces (gained 18).
Natasha, Servant of Life and Death comes into view.
Natasha hisses angrily.
Found a chain mail.
Natasha casts a spell at you. The magic dart hits you.
Natasha mumbles some strange words.
Natasha shimmers violently.
You closely miss Natasha. Natasha barely misses you.
You closely miss Natasha. Natasha claws you.
You barely miss Natasha. Natasha claws you.
* * * LOW HITPOINT WARNING * * *
You hit Natasha.
Natasha is poisoned.
You punch Natasha, but do no damage.
Natasha is lightly wounded.
Natasha barely misses you.
You hit Natasha but do no damage.
Natasha is lightly wounded.
Natasha completely misses you.
You hit Natasha.
Natasha looks as sick as possible!
Natasha is moderately wounded.
You hit Natasha.
Natasha looks as sick as possible!
Natasha is moderately wounded.
Natasha closely misses you.
You hit Natasha.
Natasha is heavily wounded.
Natasha claws you.
You die...

.# .. .# ...
#.###### #.#
##.##...########.#
..............##.#
........#####.##.#
.#.###..#
#.##.#### ...#
#..# #....h..#
.### ##.#
#.##@##.#
.######.#####.##.#
..............##[#
.#######.#.#####.#
.# .# # #.#
>######... #.#
.##.......S #.#
....# ... #.#
##..# .#.#


You could see Natasha (extremely poisoned).

Vanquished Creatures
  Natasha (D:2)
  2 gnolls (D:3)
  4 adders
  2 worms
  3 dart slugs
  2 orcs (D:3)
  5 bats
  4 endoplasms
  8 goblins
  11 hobgoblins
  6 jackals
  2 quokkas
  5 ball pythons
  4 frilled lizards
  8 kobolds
  7 rats
74 creatures vanquished.

Vanquished Creatures (others)
  37 foxfires
  5 fungi (D:1)
  4 plants (D:1)
46 creatures vanquished.

Grand Total: 120 creatures vanquished

Notes
Turn   | Place    | Note
-------+----------+-------------------------------------------
     0 | D:1      | nxtlvl the Deep Elf Monk began the quest for the Orb.
     0 | D:1      | Reached XP level 1. HP: 13/13 MP: 3/3
   110 | D:1      | Reached skill level 3 in Long Blades
   135 | D:1      | Found a faded altar of an unknown god.
   148 | D:1      | Reached XP level 2. HP: 15/18 MP: 4/4
   532 | D:1      | Reached XP level 3. HP: 9/22 MP: 5/5
   634 | D:1      | Reached skill level 4 in Long Blades
   647 | D:2      | Noticed Natasha
   761 | D:3      | Found a shimmering blue altar of Sif Muna.
   762 | D:3      | Found an ancient bone altar of Kikubaaqudgha.
   762 | D:3      | Found a radiant altar of Vehumet.
   765 | D:3      | Got Kikubaaqudgha's Secrets of Blasphemous Arts
   775 | D:3      | Became a worshipper of Vehumet
   775 | D:3      | Reached * piety under Vehumet
   775 | D:3      | Offered knowledge of Foxfire by Vehumet.
   775 | D:3      | Reached ** piety under Vehumet
   778 | D:3      | Learned a level 1 spell: Foxfire
   784 | D:3      | Offered knowledge of Sandblast by Vehumet.
   788 | D:3      | Learned a level 1 spell: Sandblast
   922 | D:4      | Noticed Robin
   937 | D:3      | Reached skill level 1 in Spellcasting
   937 | D:3      | Reached XP level 4. HP: 16/27 MP: 7/7
  1002 | D:3      | Reached skill level 1 in Fire Magic
  1031 | D:3      | Reached skill level 1 in Conjurations
  1323 | D:3      | Found a runed translucent gate.
  1324 | D:3      | Found a runed translucent gate.
  1324 | D:3      | Found a runed translucent gate.
  1368 | D:3      | Offered knowledge of Poisonous Vapours by Vehumet.
  1628 | D:2      | Reached XP level 5. HP: 29/31 MP: 10/10
  1735 | D:2      | Killed Natasha
  1735 | D:2      | Reached *** piety under Vehumet
  1856 | D:2      | Noticed Natasha
  1866 | D:2      | Slain by Natasha

Illustrated notes

Levels and vault maps discovered:
D:1:      evilmike_arrival_home_sweet_home, layout_rooms,
          shapermc_ecumenical_altar_mp_ritualfount, minmay_pentomino_q4
D:2:      layout_loops_ring, kennysheep_minor_cross, st_stairs_7, uniq_natasha
D:3:      layout_rooms, grunt_temple_overflow_magic_moments, serial_curves,
          eino_curves_04, eino_curves_04, ebering_ghost_rock_garden,
          kennysheep_small_spiral
D:4:      layout_basic, hex_large, minmay_tree_intersection, uniq_robin

Skill      XL: |  1  2  3  4  5 |
---------------+----------------+-----
Long Blades    | 3 4 |  4.3
Spellcasting   | 1 2 |  2.3
Fire Magic     | 1 2 |  2.0
Conjurations   | 1 |  1.9
Fighting       | |  2.4
Dodging        | |  3.6
Stealth        | |  2.4

Action                   |  1- 3 |  4- 6 || total
-------------------------+-------+-------++-------
Melee: Falchion          |    45 |       ||    45
       Punch             |     1 |     1 ||     2
       Scimitar          |    70 |       ||    70
       Dagger            |     4 |    72 ||    76
Throw: Dart              |     4 |     3 ||     7
 Cast: Foxfire           |     8 |    18 ||    26
 Stab: Sleeping          |     3 |     2 ||     5
       Distracted        |     1 |     1 ||     2
Armor: Robe              |     2 |       ||     2
       Leather armour    |    18 |     7 ||    25
Dodge: Dodged            |    77 |    37 ||   114

Table legend: (Time is in decaauts)
 A = Elapsed time spent in this place.
 B = Non-inter-level travel time spent in this place.
 C = Inter-level travel time spent in this place.
 D = Time resting spent in this place.
 E = Time spent auto-exploring this place.
 F = Levels seen in this place.
 G = Mean time per level.
                   A        B        C        D        E       F      G
               +--------+--------+--------+--------+--------+-----+--------+
         Total |   1885 |   1798 |     87 |      0 |     23 |   4 |  471.2 |
       Dungeon |   1885 |   1798 |     87 |      0 |     23 |   4 |  471.2 |
               +--------+--------+--------+--------+--------+-----+--------+

Top non-repeatable levels by time:
     D:1: 649 daAuts
     D:2: 637 daAuts
     D:3: 528 daAuts
     D:4: 70 daAuts
